Map: Ruins of Seras

Players

Nervous

  • Race: Terran Terran
  • League: Master

BowmanSX (bowman) - Winner!

  • Race: Protoss Protoss
  • League: Master

VOD

https://youtu.be/yHDncP1UCcU

Description

Time

  • Played on: Jan. 4, 2016, 6:55 p.m.
  • Length: 8:34
Show
View Real Time Build Order
Export as new Build Order

Nervous Terran 

Build Orders:  

Get SALT Encoding   

  12  0:01  SCV  
  13  0:13  SCV  
  14  0:18  Supply Depot  
  14  0:25  SCV  
  15  0:40  SCV  
  15  0:41  Barracks  
  16  0:46  Refinery  
  16  0:52  SCV  
  17  1:04  SCV  
  18  1:16  SCV  
  19  1:31  Orbital Command  
  19  1:32  Barracks Reactor  
  19  1:45  Command Center  
  19  1:52  Supply Depot  
  19  1:57  SCV  
  20  2:08  Factory  
  20  2:09  SCV  
  20  2:11  Marine  
  20  2:14  Marine  
  23  2:21  SCV, Refinery  
  24  2:29  Marine  
  25  2:31  Marine  
  25  2:33  SCV  
  27  2:41  Supply Depot  
  27  2:45  SCV  
  27  2:47  Marine  
  27  2:49  Marine  
  30  2:54  Starport  
  30  3:00  SCV  
  30  3:01  Factory Tech Lab  
  31  3:09  Orbital Command  
  31  3:12  SCV  
  32  3:14  Marine  
  32  3:17  Marine  
  34  3:26  Cyclone  
  36  3:29  SCV  
  36  3:32  Marine  
  38  3:35  Marine  
  38  3:36  SCV  
  38  3:39  Medivac  
  42  3:42  SCV  
  43  3:48  SCV  
  43  3:49  Marine  
  43  3:53  Supply Depot, Marine  
  43  3:54  SCV  
  47  4:01  SCV, Siege Tank  
  51  4:06  SCV  
  51  4:07  Marine  
  53  4:11  Marine  
  53  4:16  Supply Depot  
  54  4:18  Medivac  
  54  4:21  SCV x2  
  58  4:25  Marine  
  58  4:29  Marine  
  58  4:30  Supply Depot  
  60  4:33  SCV  
  60  4:34  SCV  
  62  4:39  Supply Depot  
  62  4:40  Siege Tank  
  62  4:44  Marine  
  66  4:45  SCV  
  66  4:46  SCV, Marine  
  66  4:50  Supply Depot  
  69  4:58  SCV x2  
  71  5:02  Marine  
  71  5:04  Marine  
  70  5:07  Engineering Bay  
  67  5:15  SCV x2  
  67  5:20  Marine  
  70  5:22  Marine  
  70  5:26  Medivac  
  70  5:27  SCV x2  
  75  5:36  Missile Turret  
  75  5:39  SCV x2, Missile Turret  
  75  5:41  Marine  
  78  5:49  Supply Depot  
  75  5:51  SCV  
  75  5:52  SCV  
  74  5:57  Marine  
  74  6:04  SCV x2  
  75  6:16  SCV x2  
  76  6:18  Barracks Reactor  
  76  6:25  Command Center  
  76  6:27  Refinery x2  
  76  6:28  SCV x2  
  78  6:40  SCV x2  
  78  6:42  Siege Tank  
  83  6:48  Barracks x2  
  83  6:52  SCV x2  
  85  6:55  Marine x2  
  86  7:04  SCV x2  
  87  7:13  Marine x2  
  89  7:15  Missile Turret  
  89  7:16  SCV x2  
  91  7:23  Siege Tank  
  94  7:36  Supply Depot, Barracks Tech Lab  
  94  7:38  Barracks  
  94  7:41  Barracks  
  94  7:47  SCV  
  94  7:48  SCV  
  94  7:52  Marine x2  
  94  7:55  Siege Tank  
  99  7:59  SCV  
  99  8:00  SCV  
  99  8:01  Marine x2  
  100  8:09  Marine  
  100  8:10  Marine  
Show
View Real Time Build Order
Export as new Build Order

BowmanSX Protoss - Winner!

Build Orders: 1 Gate Expand, Double Forge, Blink Stalkers, Dark Templar Rush 

Get SALT Encoding   

  12  0:01  Probe (Chrono Boost)  
  13  0:11  Probe (Chrono Boost)  
  14  0:18  Pylon  
  14  0:22  Probe (Chrono Boost)  
  15  0:36  Probe (Chrono Boost)  
  15  0:39  Gateway  
  16  0:43  Assimilator  
  16  0:46  Probe (Chrono Boost)  
  17  0:57  Probe (Chrono Boost)  
  18  1:08  Probe (Chrono Boost)  
  19  1:23  Nexus  
  19  1:33  Cybernetics Core  
  19  1:36  Probe (Chrono Boost)  
  20  1:42  Assimilator  
  20  1:47  Probe (Chrono Boost)  
  20  1:53  Pylon  
  21  1:58  Probe (Chrono Boost)  
  23  2:08  Probe (Chrono Boost)  
  23  2:10  Warp Gate  
  23  2:11  Adept  
  25  2:19  Mothership Core (Chrono Boost)  
  27  2:36  Probe (Chrono Boost)  
  28  2:37  Probe (Chrono Boost)  
  28  2:41  Stalker  
  31  2:46  Twilight Council  
  31  2:47  Probe (Chrono Boost)  
  31  2:48  Probe (Chrono Boost)  
  33  2:57  Probe (Chrono Boost)  
  34  2:59  Probe (Chrono Boost)  
  34  3:03  Assimilator  
  35  3:08  Probe (Chrono Boost)  
  35  3:09  Probe (Chrono Boost)  
  37  3:17  Robotics Facility  
  37  3:19  Probe (Chrono Boost)  
  38  3:20  Probe (Chrono Boost)  
  37  3:30  Probe x2 (Chrono Boost)  
  39  3:34  Dark Shrine  
  39  3:40  Probe (Chrono Boost)  
  41  3:41  Probe (Chrono Boost)  
  41  3:46  Pylon  
  41  3:51  Probe (Chrono Boost), Blink  
  41  3:52  Gateway, Probe (Chrono Boost)  
  43  4:01  Probe (Chrono Boost)  
  44  4:04  Warp Prism (Chrono Boost)  
  44  4:09  Probe  
  47  4:14  Probe  
  47  4:17  Stalker  
  50  4:21  Probe  
  50  4:22  Pylon  
  51  4:29  Assimilator  
  51  4:36  Forge  
  51  4:38  Observer (Chrono Boost)  
  52  4:39  Forge  
  52  4:43  Probe x2  
  54  4:50  Dark Templar x2  
  58  4:55  Probe  
  59  5:04  Observer (Chrono Boost)  
  60  5:09  Nexus  
  60  5:10  Pylon  
  58  5:19  Probe  
  58  5:20  Probe  
  60  5:23  Dark Templar  
  60  5:28  Dark Templar, Pylon  
  64  5:43  Probe  
  64  5:44  Probe  
  64  5:46  Immortal (Chrono Boost), Protoss Ground Weapons Level 1 (Chrono Boost), Protoss Ground Armor Level 1 (Chrono Boost)  
  70  5:50  Gateway  
  70  5:56  Probe  
  69  6:07  Probe  
  69  6:08  Probe, Pylon  
  71  6:12  Pylon  
  71  6:16  Sentry x2, Gateway, Pylon  
  71  6:17  Gateway  
  73  6:19  Probe  
  73  6:24  Immortal (Chrono Boost)  
  74  6:26  Resonating Glaives  
  78  6:42  Gateway  
  78  6:44  Gateway  
  78  6:46  Pylon, Photon Cannon  
  78  6:48  Stalker  
  78  6:51  Stalker  
  82  7:09  Immortal  
  82  7:11  Probe x2  
  82  7:12  Probe  
  89  7:18  Robotics Bay  
  89  7:25  Assimilator x2  
  89  7:30  Probe x2  
  91  7:37  Adept x3  
  91  7:38  Adept x2  
  101  7:49  Probe x2  
  103  8:01  Adept  
  103  8:02  Adept x4  
  103  8:03  Adept x2  
  116  8:31  Pylon  
  116  8:32  Pylon  
  116  8:33  Pylon  
Tags
 
Add a new tag
Caveats
  • Supply blocks, unpowered buildings, or Contaminate may cause inaccurate times.
  • Supply counts are checked every 10 seconds.